 Dungeon Crawl Stone Soup version 0.28-a0-479-g5baa6b73be (webtiles) character file.

Game seed: 10732656309344274389

14300 ryw the Martial Artist (level 11, 0/94 HPs)
             Began as a Demonspawn Monk on Sept 16, 2021.
             Was the Champion of Okawaru.
             Slain by a komodo dragon (25 damage)
             ... on level 3 of the Lair of Beasts on Sept 17, 2021.
             The game lasted 00:49:57 (18329 turns).

ryw the Martial Artist (Demonspawn Monk)           Turns: 18329, Time: 00:49:57

Health: 0/94       AC: 10    Str: 12    XL:     11   Next: 86%
Magic:  14/16      EV: 16    Int: 19    God:    Okawaru [******]
Gold:   515        SH:  0    Dex: 17    Spells: 9/12 levels left

rFire   + . .      SeeInvis .     - Unarmed
rCold   . . .      Faith    .   (no shield)
rNeg    + . .      Spirit   .   D - +2 steam dragon scales
rPois   +          Reflect  .   (helmet currently unavailable)
rElec   .          Harm     .   G - +0 cloak {rCorr}
rCorr   +          Rampage  .   (no gloves)
Will    .....                   (boots currently unavailable)
Stlth   +++.......              I - macabre finger necklace {rN+}
HPRegen 0.25/turn               c - ring of Quomibb {+Blink rPois rF+ Int+6}
MPRegen 0.15/turn               m - ring of wizardry
                                (no ring)

@: appendages, wereblooded, studying Fighting
A: horns 2, talons 2, claws 1, rugged brown scales 1, powered by pain 3, spiny 2
a: End Transformation, Renounce Religion, Evoke Blink, Heroism, Finesse, Duel


You were on level 3 of the Lair of Beasts.
You worshipped Okawaru.
Okawaru was exalted by your worship.
You had temporarily grown beastly horns and talons.
You visited 3 branches of the dungeon, and saw 12 of its levels.

You collected 605 gold pieces.
You spent 90 gold pieces at shops.

Inventory:

Hand Weapons
 f - the +2 quick blade of Ydaamomas {vorpal, rPois rC+ Will-}
   (Okawaru gifted it to you on level 1 of the Lair of Beasts)

   It inflicts extra damage upon your enemies.
   rC:        It protects you from cold.
   rPois:     It protects you from poison.
   Will:      It decreases your willpower.
 r - the +5 long sword "Cirevih" {antimagic, rF+}
   (You found it on level 5 of the Dungeon)

   It reduces the magical energy of the wielder, and disrupts the spells and
   magical abilities of those it strikes.
   Natural abilities and divine invocations are not affected.
   rF:        It protects you from fire.
 C - a +2 halberd of flaming
 E - the +9 long sword of Tadiamp {vorpal, Int+6}
   (You found it on level 3 of the Lair of Beasts)

   It inflicts extra damage upon your enemies.
   Int:       It affects your intelligence (+6).
 L - the +3 hunting sling of Zoovvy {venom, rF++ rC+ Will-}
   (You found it on level 8 of the Dungeon)

   Any ammunition fired from it poisons the flesh of those it strikes.
   rF:        It greatly protects you from fire.
   rC:        It protects you from cold.
   Will:      It decreases your willpower.
Missiles
 t - a curare-tipped dart
 u - 3 boomerangs (quivered)
 x - 3 javelins
Armour
 b - a +0 pair of boots (melded)
 q - a +2 hat (melded)
 D - +2 steam dragon scales (worn)
 G - a +0 cloak of preservation (worn)
Jewellery
 a - a ring of see invisible
 c - the ring of Quomibb (left claw) {+Blink rPois rF+ Int+6}
   (You found it on level 4 of the Dungeon)

   [ring of intelligence]

   Int:       It affects your intelligence (+6).
   rF:        It protects you from fire.
   rPois:     It protects you from poison.
   +Blink:    It lets you blink.
 e - a ring of protection from fire
 g - a ring of willpower
 m - a ring of wizardry (right claw)
 I - the macabre finger necklace (around neck) {rN+}
   (You found it on level 8 of the Dungeon)

   [amulet of nothing]

   It enables you to equip an extra ring.
   rN:        It protects you from negative energy.
Wands
 d - a wand of digging (2)
 s - a wand of iceblast (6)
 v - a wand of polymorph (8)
 y - a wand of paralysis (7)
 N - a wand of flame (8)
Scrolls
 h - 4 scrolls of teleportation
 k - a scroll of immolation
 l - 2 scrolls of enchant weapon
 n - a scroll of enchant armour
 z - a scroll of identify
 A - 2 scrolls of amnesia
Potions
 i - a potion of flight
 j - a potion of might
 o - a potion of cancellation
 p - 4 potions of heal wounds
 w - 5 potions of curing
 B - a potion of resistance
 F - a potion of brilliance
 J - a potion of magic
Miscellaneous
 O - a condenser vane


   Skills:
 + Level 10.5 Fighting
 - Level 3.0 Throwing
 + Level 4.2 Armour
 + Level 6.8 Dodging
 + Level 5.1 Stealth
 * Level 10.7 Unarmed Combat
 - Level 1.0 Spellcasting
 - Level 5.0 Transmutations
 + Level 7.1 Invocations


You had 9 spell levels left.
You knew the following spells:

 Your Spells              Type           Power      Damage    Failure   Level
a - Beastly Appendage     Tmut           40%        N/A       1%          1
b - Wereblood             Tmut           20%        N/A       1%          2

Your spell library contained the following spells:

 Spells                   Type           Power      Damage    Failure   Level
 Freeze                   Ice            4%         1d3       8%          1
 Spider Form              Tmut/Pois      5%         N/A       9%          3
 Metabolic Englaciation   Hex/Ice        0%         N/A       87%         5
 Statue Form              Tmut/Erth      6%         N/A       98%         6
 Ozocubu's Refrigeration  Ice            0%         4d5       100%        7
 Summon Small Mammal      Summ           Unusable   N/A       N/A         1
 Call Canine Familiar     Summ           Unusable   N/A       N/A         3
 Summon Guardian Golem    Hex/Summ       Unusable   N/A       N/A         3

Dungeon Overview and Level Annotations

Branches:
Dungeon (8/15)             Temple (1/1) D:4            Lair (3/6) D:8
  Snake (0/4) Lair:3
  Swamp: Lair:2-4    Shoals: Lair:2-4

Altars:
Ashenzari
Cheibriados
Dithmenos
Elyvilon
Fedhas
Gozag
Hepliaklqana
Kikubaaqudgha
Makhleb
Nemelex Xobeh
Okawaru
Qazlal
Ru
Sif Muna
Trog
Uskayaw
Vehumet
Wu Jian
Xom
Yredelemnul
Zin
The Shining One

Shops:
D:7 !:!


Innate Abilities, Weirdness & Mutations

You have temporarily grown beastly horns and talons.
You have sharp fingernails.
You are partially covered in rugged brown scales. (AC +1, +3% HP)
You are powered by pain.
You are mostly covered in sharp spines.


Message History

You feel sick.
A blink frog comes into view.
You feel sick.
The blink frog blinks!
You feel better.
Casting: Wereblood (safe; 1% risk of failure)
Confirm with . or Enter, or press ? or * to list all spells.
Your blood is infused with primal strength.
The blink frog is struck by your spines.
The blink frog closely misses you.
Your magical contamination has completely faded away.
You closely miss the blink frog. Your kick misses the blink frog.
The blink frog is lightly wounded.
The blink frog is struck by your spines.
The blink frog hits you!
A blink frog comes into view.
The blink frog blinks!
The blink frog is struck by your spines.
The blink frog hits you!
* * * LOW HITPOINT WARNING * * *
Unknown command.
You barely miss the blink frog.
The blink frog gives a loud, deep croak!
Your headbutt misses the blink frog.
The blink frog is almost dead.
The blink frog is struck by your spines.
You feel a bit better.
You kill the blink frog!
Okawaru accepts your kill.
The blink frog blinks!
You claw the blink frog! Your kick misses the blink frog.
You headbutt the blink frog.
The blink frog is heavily wounded.
You howl as the wereblood boils in your veins!
The blink frog completely misses you.
You closely miss the blink frog. Your kick misses the blink frog.
You headbutt the blink frog!
The blink frog is severely wounded.
The blink frog closely misses you.
The blink frog blinks!
The komodo dragon bites you!!
You die...

........................
.#F.......#P.#..##...#(.#P
..........................
.....§..##.P.###.PP#...P.#
..........................
?..........#..............
.....§...................
#.#.#.F†#F#..#....#.......
........l@..........^.....
P..##..#F.#...P###.P.....P
.........)...............
#####....................
........................
....PP#...#...P..###.....
....P....................
.....P.......#...#.#.#...
.......P.................


You could see a komodo dragon and 3 blink frogs.

Vanquished Creatures
  2 hydras (Lair:1)
  A lindwurm (Lair:3)
  A black mamba (Lair:3)
  A cane toad (Lair:3)
  Maggie (D:6)
  A rime drake (Lair:2)
  A polar bear (Lair:2)
  Grinder (D:4)
  6 blink frogs (Lair:3)
  32 yaks
  2 wyverns
  2 basilisks (Lair:2)
  2 nagas (Lair:3)
  A steam dragon (D:8)
  11 water moccasins
  2 orc warriors
  An ice beast (D:7)
  A sky beast (D:7)
  7 black bears
  3 ogres
  A centaur (D:8)
  2 kobold brigands
  6 bullfrogs
  2 scorpions
  5 electric eels (Lair:2)
  A howler monkey (D:8)
  2 jellies (D:7)
  A gnoll shaman (D:7)
  3 orc priests
  A bullfrog skeleton (D:7)
  A centaur skeleton (D:6)
  10 orc wizards
  Ijyb (D:3)
  6 iguanas
  2 hell rats (Lair:1)
  A killer bee zombie (D:7)
  A hound skeleton (D:5)
  A howler monkey zombie (D:8)
  4 adders
  8 gnolls
  11 river rats (Lair:1)
  A white imp (D:7)
  An adder skeleton (D:5)
  3 worms
  4 dart slugs
  16 orcs
  9 ball pythons
  6 endoplasms
  2 giant cockroaches
  8 goblins
  7 hobgoblins
  3 quokkas
  5 bats
  A frilled lizard (D:3)
  15 kobolds
  7 rats
237 creatures vanquished.

Vanquished Creatures (others)
  32 fungi
  69 plants
101 creatures vanquished.

Grand Total: 338 creatures vanquished

Notes
Turn   | Place    | Note
-------+----------+-------------------------------------------
     0 | D:1      | ryw the Demonspawn Monk began the quest for the Orb.
     0 | D:1      | Reached XP level 1. HP: 18/18 MP: 1/1
   815 | D:1      | Gained mutation: You are partially covered in rugged brown
                  | scales. (AC +1, +3% HP) [demonic ancestry]
   815 | D:1      | Reached XP level 2. HP: 17/24 MP: 2/2
  2531 | D:2      | Found a faded altar of an unknown god.
  2968 | D:2      | Learned a level 1 spell: Beastly Appendage
  3268 | D:2      | Gained mutation: You are partially covered in sharp spines.
                  | [demonic ancestry]
  3268 | D:2      | Reached XP level 3. HP: 18/30 MP: 1/3
  3842 | D:3      | Noticed Ijyb
  3866 | D:3      | Killed Ijyb
  3867 | D:3      | Reached skill level 5 in Fighting
  3867 | D:3      | Gained mutation: You sometimes gain a little power by
                  | taking damage. [demonic ancestry]
  3867 | D:3      | Reached XP level 4. HP: 8/40 MP: 2/4
  4674 | D:3      | Reached XP level 5. HP: 45/45 MP: 5/5
  5101 | D:4      | Noticed a black bear
  5143 | D:4      | Found a staircase to the Ecumenical Temple.
  5159 | Temple   | Entered the Ecumenical Temple
  5450 | Temple   | Became a worshipper of Warmaster Okawaru
  5450 | Temple   | Reached * piety under Okawaru
  5450 | Temple   | Reached ** piety under Okawaru
  5609 | D:3      | Reached skill level 1 in Spellcasting
  5609 | D:3      | Reached skill level 1 in Transmutations
  5614 | D:3      | Learned a level 2 spell: Wereblood
  5818 | D:4      | Identified the ring of Quomibb {+Blink rPois rF+ Int+6}
  6144 | D:4      | Noticed Grinder
  6354 | D:4      | Killed Grinder
  6355 | D:4      | Reached skill level 1 in Throwing
  6355 | D:4      | Gained mutation: You have sharp fingernails. [demonic
                  | ancestry]
  6355 | D:4      | Reached XP level 6. HP: 19/53 MP: 5/7
  7149 | D:4      | Reached *** piety under Okawaru
  7150 | D:4      | Reached XP level 7. HP: 30/59 MP: 8/8
  7657 | D:4      | Found a bloodstained altar of Trog.
  8017 | D:5      | Entered Level 5 of the Dungeon
  8338 | D:5      | Identified the +5 long sword "Cirevih" {antimagic, rF+}
  8960 | D:6      | Gained mutation: You are mostly covered in sharp spines.
                  | [demonic ancestry]
  8960 | D:6      | Reached XP level 8. HP: 46/65 MP: 9/9
  9304 | D:6      | Found a stormy altar of Qazlal.
  9401 | D:6      | Reached skill level 5 in Unarmed Combat
  9800 | D:6      | Noticed Maggie
  9833 | D:6      | Killed Maggie
  9833 | D:6      | Reached **** piety under Okawaru
  9834 | D:6      | Reached skill level 5 in Dodging
 10048 | D:6      | Noticed a +0 dagger
 10048 | D:6      | Noticed a +0 hand axe
 10049 | D:6      | Found a hide-covered altar of Uskayaw.
 10464 | D:7      | Found Rileer's Book Shoppe.
 10783 | D:7      | Found a shimmering altar of Xom.
 10807 | D:7      | Gained mutation: You sometimes gain power by taking damage.
                  | [demonic ancestry]
 10807 | D:7      | Reached XP level 9. HP: 73/73 MP: 8/10
 10877 | D:7      | Found Axtucozeo's Distillery.
 11122 | D:7      | Found Kamecopn's Distillery.
 11134 | D:7      | Bought a potion of curing for 45 gold pieces
 11134 | D:7      | Bought a potion of curing for 45 gold pieces
 11402 | D:8      | Found the macabre finger necklace {rN+}
 11448 | D:8      | Identified the +3 hunting sling of Zoovvy {venom, rF++ rC+
                  | Will-}
 11519 | D:8      | Reached ***** piety under Okawaru
 11532 | D:8      | Reached skill level 5 in Transmutations
 11982 | D:8      | Reached skill level 1 in Invocations
 12884 | D:8      | Got the Volume of Earthen Cold
 12897 | D:8      | Found a staircase to the Lair.
 12917 | D:8      | Found a sparkling altar of Nemelex Xobeh.
 13425 | D:8      | Reached XP level 10. HP: 77/82 MP: 10/12
 13690 | D:8      | Upgraded the game from 0.28-a0-476-g0f06bd746f to
                  | 0.28-a0-479-g5baa6b73be
 13730 | Lair:1   | Entered Level 1 of the Lair of Beasts
 13774 | D:8      | Identified a scroll of acquirement
 13774 | D:8      | Acquired a manual of Fighting
 13912 | Lair:1   | Noticed a seven-headed hydra
 13922 | Lair:1   | Killed a seven-headed hydra
 13922 | Lair:1   | Identified the +2 quick blade of Ydaamomas {vorpal, rPois
                  | rC+ Will-} (Okawaru gifted it to you on level 1 of the Lair
                  | of Beasts)
 13922 | Lair:1   | Received a gift from Okawaru
 13923 | Lair:1   | Reached skill level 1 in Armour
 14036 | Lair:1   | Noticed a six-headed hydra
 14271 | Lair:1   | Killed a two-headed hydra
 15610 | Lair:2   | Reached skill level 5 in Invocations
 16482 | Lair:2   | Received a gift from Okawaru
 16510 | Lair:2   | Gained mutation: You are powered by pain. [demonic
                  | ancestry]
 16510 | Lair:2   | Reached XP level 11. HP: 86/91 MP: 15/15
 16914 | Lair:2   | Received a gift from Okawaru
 16933 | Lair:2   | Reached skill level 10 in Unarmed Combat
 17380 | Lair:2   | Reached skill level 10 in Fighting
 18138 | Lair:3   | Identified the +9 long sword of Tadiamp {vorpal, Int+6}
 18192 | Lair:3   | Noticed a lindwurm
 18199 | Lair:3   | Killed a lindwurm
 18200 | Lair:3   | Reached skill level 5 in Stealth
 18234 | Lair:3   | Found a staircase to the Snake Pit.
 18247 | Lair:3   | Reached ****** piety under Okawaru
 18247 | Lair:3   | Received a gift from Okawaru
 18329 | Lair:3   | Slain by a komodo dragon

Illustrated notes

Levels and vault maps discovered:
D:1:      eino_arrival_cavern_b, layout_loops_corners
D:2:      minmay_diamond_boxcup, layout_rooms, basic_ecumenical_altar
D:3:      layout_basic, minmay_misc_feat_doors, kennysheep_generic_room_7,
          uniq_ijyb
D:4:      layout_loops_corners, mainiacjoe_overflow_paths, temple_fountains,
          grunt_ministairs_5, uniq_grinder
D:5:      layout_gridville
D:6:      layout_loops_ring, dancing_weapons_uskayaw,
          nicolae_qazlal_eye_of_the_storm, chequers_hall_statues_y, uniq_maggie
D:7:      layout_loops_ring, mainiacjoe_overflow_small_starburst,
          mainiacjoe_overflow_surrounded_room, serial_shops, shop, shop, shop,
          chequers_avenue, chequers_mini_garden, skrybe_limestone_x
D:8:      layout_loops_corners, mainiacjoe_overflow_alcove_4,
          grunt_lair_entry_orc_guard_hut
Temple:   regret_index_temple_sphere_string
Lair:1:   layout_long_grid, kennysheep_rathole, serial_bayou_shore_b
Lair:2:   layout_loops_ring, serial_bayou_lagoon_b, grunt_megastairs_5
Lair:3:   layout_long_grid, guppyfry_snake_entry_garden

Skill      XL: |  1  2  3  4  5  6  7  8  9 10 11 |
---------------+----------------------------------+-----
Fighting       | 4 5 6 7 9 10 | 10.5
Dodging        | 3 4 5 6 |  6.8
Spellcasting   | 1 |  1.0
Transmutations | 2 3 4 5 |  5.0
Throwing       | 1 2 3 |  3.0
Unarmed Combat | 3 4 6 8 9 10 | 10.7
Invocations    | 2 5 7 |  7.1
Armour         | 2 4 |  4.2
Stealth        | 3 5 |  5.1

Action                   |  1- 3 |  4- 6 |  7- 9 | 10-12 || total
-------------------------+-------+-------+-------+-------++-------
Melee: Club              |    32 |       |       |       ||    32
       Unarmed           |    14 |     1 |   244 |   270 ||   529
       Short sword       |   193 |    66 |       |       ||   259
       Kick              |     5 |     8 |    63 |    82 ||   158
       Headbutt          |     2 |     5 |    38 |    54 ||    99
       Punch             |     1 |     1 |     8 |    15 ||    25
       Flail             |       |    25 |     8 |       ||    33
       Halberd           |       |       |       |     7 ||     7
Throw: Stone             |     1 |       |       |       ||     1
       Boomerang         |       |     3 |       |       ||     3
 Cast: Beastly Appendage |     3 |     8 |    32 |    34 ||    77
       Wereblood         |       |       |     7 |    11 ||    18
Invok: Heroism           |       |     2 |     5 |     6 ||    13
       Finesse           |       |       |       |     1 ||     1
Evoke: Wand              |       |       |       |     7 ||     7
       Condenser vane    |       |       |       |     1 ||     1
  Use: Scroll            |       |     8 |     1 |     7 ||    16
       Potion            |       |     2 |       |     6 ||     8
 Stab: Sleeping          |     3 |     3 |     6 |     1 ||    13
       Distracted        |       |     2 |       |       ||     2
Armor: Chain mail        |    94 |       |       |       ||    94
       Robe              |    27 |    23 |    11 |       ||    61
       Steam dragon scal |       |       |    37 |    66 ||   103
Dodge: Dodged            |    96 |    54 |   127 |   196 ||   473

Table legend: (Time is in decaauts)
 A = Elapsed time spent in this place.
 B = Non-inter-level travel time spent in this place.
 C = Inter-level travel time spent in this place.
 D = Time resting spent in this place.
 E = Time spent auto-exploring this place.
 F = Levels seen in this place.
 G = Mean time per level.
                   A        B        C        D        E       F      G
               +--------+--------+--------+--------+--------+-----+--------+
         Total |  18337 |  17334 |   1003 |   5566 |   8501 |  12 | 1528.1 |
       Dungeon |  13774 |  12962 |    812 |   4479 |   6319 |   8 | 1721.8 |
        Temple |    316 |    292 |     24 |      0 |    225 |   1 |  316.0 |
          Lair |   4246 |   4079 |    167 |   1087 |   1957 |   3 | 1415.3 |
               +--------+--------+--------+--------+--------+-----+--------+

Top non-repeatable levels by time:
     D:1: 2792 daAuts
     D:3: 2222 daAuts
  Lair:2: 2154 daAuts
     D:8: 1947 daAuts
     D:6: 1682 daAuts
     D:4: 1665 daAuts
  Lair:1: 1596 daAuts
     D:7: 1469 daAuts
     D:2: 1078 daAuts
     D:5: 915 daAuts
  Lair:3: 495 daAuts
  Temple: 316 daAuts
